 Dungeon Crawl Stone Soup version 0.32-a0-685-g93135e8 (webtiles) character file.

Game seed: 2681143907073523090

1256 Dorkslayer the Sneak (level 8, -1/49 (54) HPs)
             Began as an Octopode Fighter on Mar 12, 2024.
             Slain by a wight
             ... wielding a +4 battleaxe of freezing
              (2 damage)
             ... on level 6 of the Dungeon.
             The game lasted 00:08:17 (4137 turns).

Dorkslayer the Sneak (Octopode Fighter)             Turns: 4137, Time: 00:08:18

HP:   -1/49 (54)    AC:  1    Str: 17    XL:     8   Next: 51%
MP:   8/8           EV: 13    Int: 11    God:
Gold: 215           SH:  9    Dex: 11    Spells: 7/7 levels left

rFire   . . .        l - +2 war axe (freeze)
rCold   . . .        a - +0 buckler
rNeg    . . .        (helmet restricted)
rPois   .            e - amulet of reflection
rElec   .            (no ring)
rCorr   .            (no ring)
SInv    .            (no ring)
Will    .....        (no ring)
Stlth   ++++         (no ring)
HPRegen 0.28/turn    (no ring)
MPRegen 0.11/turn    (no ring)
                     (no ring)

%: reflection
@: drained
A: almost no armour, amphibious, 8 rings, camouflage 1, gelatinous body 1,
(nimble swimmer 1), tentacles
a: no special abilities


You were on level 6 of the Dungeon.
You visited 1 branch of the dungeon, and saw 6 of its levels.

You collected 215 gold pieces.

Inventory:

Hand Weapons
 c - a +3 whip of electrocution
 l - a +2 war axe of freezing (weapon)
Missiles
 i - 2 darts of dispersal (quivered)
Armour
 a - a +0 buckler (worn)
Jewellery
 e - an amulet of reflection (around mantle)
Talismans
 g - a maw talisman
Scrolls
 b - a scroll of fear {unknown}
 f - 3 scrolls of blinking
 h - 2 scrolls of fog
Potions
 d - a potion of curing
 j - a potion of enlightenment {unknown}
 k - a potion of haste {unknown}


   Skills:
 + Level 4.2 Fighting
 * Level 0.8(2.8) Axes
 - Level 4.4 Maces & Flails
 + Level 0.8 Throwing
 + Level 4.2 Dodging
 + Level 5.5 Stealth
 + Level 4.3 Shields
 * Level 5.3 Unarmed Combat
 * Level 1.7 Shapeshifting


You had 7 spell levels left.
You didn't know any spells.
Your spell library contained the following spells:

 Spells                   Type           Power      Damage    Failure   Level
 Foxfire                  Conj/Fire      0%         2x1d4     41%         1
 Summon Small Mammal      Summ           0%         N/A       41%         1
 Mercury Vapours          Alch/Air       0%         N/A       56%         2
 Call Canine Familiar     Summ           0%         N/A       80%         3
 Mephitic Cloud           Conj/Alch/Air  0%         N/A       80%         3
 Summon Blazeheart Golem  Fire/Summ      0%         N/A       99%         4
 Freezing Cloud           Conj/Ice/Air   0%         6-21      100%        5
 Plasma Beam              Fire/Air       0%         2x1d10    100%        6
 Starburst                Conj/Fire      0%         6d3       100%        6


Dungeon Overview and Level Annotations

Branches:
Dungeon (6/15)
 Temple: D:4-7

Altars:
Zin


Innate Abilities, Weirdness & Mutations

You cannot wear most types of armour.
You are amphibious.
You can wear up to eight rings at the same time.
Your skin changes colour to match your surroundings (Stealth+).
Your rubbery body absorbs attacks. (AC +1, EV +1)
((You are camouflaged when in or above water. (Stealth+)))
You have tentacles for arms and can constrict up to eight enemies at once.


Message History

an iguana corpse; a hound corpse
Found a mace.
d - a potion of curing
Found a long sword.
Found 5 gold pieces.
Found 8 gold pieces. 2 wights come into view.
A wight comes into view.
It is wielding a +4 battleaxe of freezing.
A wight comes into view.
It is wielding a +5 falchion of freezing.
You see here 5 gold pieces.
You now have 215 gold pieces (gained 5).
The wight hits you from afar with a +5 spear!
You feel drained. You block the wight's attack.
You closely miss the wight. Your grab misses the wight.
You block the wight's attack.
You closely miss the wight. Your grab misses the wight.
The wight barely misses you. The wight hits you with a +5 spear!
You feel drained.
You hit the wight. You grab the wight. You squeeze the wight.
The wight is moderately damaged.
You constrict the wight. You block the wight's attack.
You hit the wight but do no damage. You squeeze the wight.
You destroy the wight!
A phantom comes into view.
Things that are here:
a +5 spear; a +0 robe You hit the wight.
Your grab misses the wight. You squeeze the wight!
The wight is severely damaged.
The wight hits you with a +4 scimitar!
You feel drained.
* * * LOW HITPOINT WARNING * * *
The wight hits you with a +4 scimitar.
* * * LOW HITPOINT WARNING * * *
Unknown command.
You completely miss the wight. Your grab misses the wight.
You hit the wight but do no damage. x2
The wight hits you with a +4 battleaxe of freezing!
* * * LOW HITPOINT WARNING * * *
You feel drained.
You die...

#..............
................#
................#
.................
..............$.#
................#
......zzz......#
....W..@......##
...............##
#########.......##
#........#.
##......... ...
######..........
..~####
####.......).......
.~~#..##
#.................#
.~ß#...#
##................#


You could see a phantom and 3 wights.

Vanquished Creatures
  Menkaure (D:4)
  Duvessa (D:5)
  An ogre (D:4)
  A phantom (D:5)
  A scorpion (D:3)
  6 wights
  Dowan (D:5)
  5 hounds
  A gnoll bouda (D:5)
  2 iguanas
  2 orc wizards (D:5)
  9 gnolls
  3 adders
  3 dart slugs
  2 ribbon worms
  4 orcs
  5 ball pythons
  14 endoplasms
  A giant cockroach (D:3)
  6 hobgoblins
  2 quokkas
  5 bats
  3 frilled lizards
  4 goblins
  5 kobolds
  2 rats
90 creatures vanquished.

Notes
Turn   | Place    | Note
-------+----------+-------------------------------------------
     0 | D:1      | Dorkslayer the Octopode Fighter began the quest for the
                  | Orb.
     0 | D:1      | Reached XP level 1. HP: 16/16 MP: 1/1
   327 | D:1      | Reached XP level 2. HP: 17/21 MP: 2/2
   912 | D:2      | Reached skill level 1 in Stealth
   912 | D:2      | Reached XP level 3. HP: 22/26 MP: 3/3
  1650 | D:3      | Noticed a scorpion
  1658 | D:3      | Killed a scorpion
  1659 | D:3      | Reached XP level 4. HP: 31/31 MP: 4/4
  1928 | D:3      | Reached XP level 5. HP: 36/36 MP: 5/5
  2421 | D:4      | Noticed Menkaure
  2425 | D:4      | Noticed an ogre
  2442 | D:4      | Killed an ogre
  2443 | D:4      | Reached skill level 1 in Maces & Flails
  2443 | D:4      | Reached XP level 6. HP: 14/42 MP: 6/6
  2452 | D:4      | Killed Menkaure
  3055 | D:5      | Entered Level 5 of the Dungeon
  3066 | D:5      | Reached XP level 7. HP: 18/46 MP: 7/7
  3204 | D:5      | Noticed Duvessa
  3205 | D:5      | Noticed Dowan
  3212 | D:5      | Killed Dowan
  3217 | D:5      | HP: 2/46 [Duvessa/+0 rapier (9)]
  3218 | D:5      | Killed Duvessa
  3219 | D:5      | Reached skill level 5 in Stealth
  3339 | D:5      | Found a glowing silver altar of Zin.
  3821 | D:5      | Reached skill level 5 in Unarmed Combat
  3821 | D:5      | Reached XP level 8. HP: 53/54 MP: 8/8
  3915 | D:6      | Reached skill level 1 in Shapeshifting
  4137 | D:6      | HP: 1/51 [wight/+4 battleaxe of freezing (8)]
  4137 | D:6      | Slain by a wight

Illustrated notes

Levels and vault maps discovered:
D:1:      shiori_shiawase, layout_basic
D:2:      minmay_evil_eye, layout_basic
D:3:      minmay_skewed_foursquare, layout_basic, nicolae_figureground_pulse
D:4:      layout_basic, grunt_decor_mini_mirrors,
          hangedman_abyss_or_decor_stagger, kennysheep_boxes, uniq_menkaure
D:5:      layout_rooms, zin_academy, serial_aquarium, aquarium_bridge_straight
          [aquarium_subvault_bridge, aquarium_subvault_window,
          aquarium_subvault_bridge, aquarium_subvault_wall],
          aquarium_window_corner, aquarium_window_1, aquarium_window_1,
          aquarium_window_3, aquarium_view_4, uniq_duvessa
D:6:      due_chaos_kobolds, layout_cave_pods, minitemple,
          minmay_temple_entry_enclosed_plants, eino_tiny_chamber, moated_statue,
          serial_park_tiny_1

Skill      XL: |  1  2  3  4  5  6  7  8 |
---------------+-------------------------+-----
Stealth        | 1 2 3 4 5 |  5.5
Unarmed Combat | 3 4 5 |  5.3
Maces & Flails | 1 3 4 |  4.4
Dodging        | 4 |  4.2
Shields        | 4 |  4.3
Shapeshifting  | 1 |  1.7
Fighting       | 4 |  4.2
Axes           | |  0.8
Throwing       | |  0.8

Action                     |  1- 3 |  4- 6 |  7- 9 || total
---------------------------+-------+-------+-------++-------
  Melee: Unarmed           |    68 |    27 |       ||    95
         Tentacles         |    17 |     5 |    22 ||    44
         Constrict         |    16 |    11 |    22 ||    49
         Punch             |     1 |     2 |       ||     3
         Whip              |       |    25 |    71 ||    96
         War axe           |       |       |     9 ||     9
  Throw: Dart              |       |     3 |       ||     3
    Use: Scroll            |       |    10 |       ||    10
         Potion            |       |     2 |     2 ||     4
   Stab: Sleeping          |     6 |     6 |     1 ||    13
 Armour: Skin              |    17 |    23 |    39 ||    79
  Dodge: Dodged            |    22 |    23 |    39 ||    84
  Block: Buckler           |    15 |    26 |    57 ||    98
         Reflection        |     1 |       |       ||     1

Table legend: (Time is in decaauts)
 A = Elapsed time spent in this place.
 B = Non-inter-level travel time spent in this place.
 C = Inter-level travel time spent in this place.
 D = Time resting spent in this place.
 E = Time spent auto-exploring this place.
 F = Levels seen in this place.
 G = Mean time per level.
                   A        B        C        D        E       F      G
               +--------+--------+--------+--------+--------+-----+--------+
         Total |   4140 |   4140 |      0 |    100 |   2571 |   6 |  690.0 |
       Dungeon |   4140 |   4140 |      0 |    100 |   2571 |   6 |  690.0 |
               +--------+--------+--------+--------+--------+-----+--------+

Top non-repeatable levels by time:
     D:5: 913 daAuts
     D:3: 814 daAuts
     D:4: 802 daAuts
     D:1: 742 daAuts
     D:2: 694 daAuts
     D:6: 172 daAuts
